 Dungeon Crawl Stone Soup version 0.29-a0-892-g2c4c91d9db (webtiles) character file.

Game seed: 7288035053704124828

29 Querens the Covered (level 3, -1/31 HPs)
             Began as a Meteoran Fighter on July 22, 2022.
             Succumbed to Terence's poison
             ... on level 2 of the Dungeon.
             The game lasted 00:01:43 (531 turns).

Querens the Covered (Meteoran Fighter)               Turns: 531, Time: 00:01:43

Health: -1/31      AC: 11    Str: 19    XL:     3   Next: 52%
Magic:  4/4        EV:  5    Int:  9    God:
Gold:   33         SH:  5    Dex: 14    Spells: 2/2 levels left

rFire   . . .      SeeInvis .   a - +0 war axe
rCold   . . .      Faith    .   c - +0 buckler
rNeg    . . .      Spirit   .   g - +0 plate armour
rPois   .          Reflect  .   (no helmet)
rElec   .          Harm     .   (no cloak)
rCorr   .          Rampage  .   (no gloves)
Will    .....                   (no boots)
Stlth   ..........              (no amulet)
HPRegen 0.10/turn               (no ring)
MPRegen 0.09/turn               (no ring)

@: lethally poisoned (-1 -> -24), flying, glowing
A: sense surroundings 1, otherworldly, glowing, explore regen
a: no special abilities


You were on level 2 of the Dungeon.
You visited 1 branch of the dungeon, and saw 2 of its levels.

You collected 33 gold pieces.

Inventory:

Hand Weapons
 a - a +0 war axe (weapon)
Armour
 c - a +0 buckler (worn)
 g - a +0 plate armour (worn)
Jewellery
 i - a ring of wizardry
Scrolls
 b - a scroll of fear {unknown}
 e - a scroll of identify {unknown}
 h - a scroll of teleportation {unknown}
Potions
 d - a potion of might
 j - a potion of heal wounds {unknown}


   Skills:
 + Level 3.6 Fighting
 + Level 2.9 Axes
 + Level 4.0 Armour
 + Level 1.1 Dodging
 + Level 4.0 Shields


You had 2 spell levels left.
You didn't know any spells.
Your spell library was empty.

Dungeon Overview and Level Annotations

Branches:
Dungeon (2/15) Zot: 641

Altars:

Annotations:
D:2 Terence


Innate Abilities, Weirdness & Mutations

You passively map a small area around you.
You are easily found by Zot.
You glow in the dark.
You regain HP and MP as you explore.


Message History

You are poisoned.
The hobgoblin hits you but does no damage.
You slash something! You closely miss the hobgoblin.
You feel very sick. Something hits you but does no damage.
You are more poisoned.
The hobgoblin hits you but does no damage.
Something hits you.
You are more poisoned.
The hobgoblin hits you but does no damage.
You hit the hobgoblin but do no damage.
The hobgoblin is moderately wounded.
You slash something!
You feel very sick. Something hits you but does no damage.
You are lethally poisoned!
The hobgoblin hits you but does no damage.
The hobgoblin attacks as you move away! You block the hobgoblin's attack.
You feel very sick. Something hits you but does no damage.
You are more poisoned.
Something hits you but does no damage.
You are more poisoned.
* * * LOW HITPOINT WARNING * * *
You feel extremely sick.
Found a scroll labelled WUNEAMP ZONTUODGH.
* * * LOW HITPOINT WARNING * * *
You feel very sick.
Unknown command.
What are your orders? t - Shout!
Orders for allies: a - Attack new target. r - Retreat! s - Stop attacking. g - Guard the area. f - Follow me.
Anything else - Cancel.
Okay, then.
It was a potion of flight.
You feel very buoyant.
You fly up into the air.
You die...

** * #########
, #.......#
#.......##### *
#..<......... *
#.......#.####
#####).......#*
* ##g@##.... ,
##..# ### ##.#
* .# , , .. ,
*#.# * .#* .?
,,, ,


You could see a hobgoblin.

Vanquished Creatures
  A dart slug (D:1)
  An endoplasm (D:1)
  A giant cockroach (D:1)
  2 goblins (D:1)
  2 hobgoblins (D:1)
  3 jackals (D:1)
  4 quokkas (D:1)
  3 ball pythons (D:1)
  2 frilled lizards (D:1)
  3 kobolds (D:1)
  2 rats (D:1)
24 creatures vanquished.

Notes
Turn   | Place    | Note
-------+----------+-------------------------------------------
     0 | D:1      | Querens the Meteoran Fighter began the quest for the Orb.
     0 | D:1      | Reached XP level 1. HP: 19/19 MP: 2/2
    59 | D:1      | Reached XP level 2. HP: 24/26 MP: 3/3
   229 | D:1      | Reached XP level 3. HP: 29/31 MP: 4/4
   315 | D:1      | Reached skill level 1 in Dodging
   473 | D:1      | Glimpsed the power of Zot.
   522 | D:2      | Noticed Terence
   531 | D:2      | Succumbed to Terence's poison

Illustrated notes

Levels and vault maps discovered:
D:1:      lightli_arrival_lavapool, layout_loops_ring
D:2:      layout_rooms, uniq_terence, uniq_robin

Skill      XL: |  1  2  3 |
---------------+----------+-----
Dodging        | 1 |  1.1
Armour         | 4 |  4.0
Shields        | 4 |  4.0
Fighting       | |  3.6
Axes           | |  2.9

Action                   || total
-------------------------++-------
Melee: War axe           ||    68
  Use: Potion            ||     1
Armor: Scale mail        ||    27
       Plate armour      ||    17
Dodge: Dodged            ||    29
Block: Buckler           ||    23

Table legend: (Time is in decaauts)
 A = Elapsed time spent in this place.
 B = Non-inter-level travel time spent in this place.
 C = Inter-level travel time spent in this place.
 D = Time resting spent in this place.
 E = Time spent auto-exploring this place.
 F = Levels seen in this place.
 G = Mean time per level.
                   A        B        C        D        E       F      G
               +--------+--------+--------+--------+--------+-----+--------+
         Total |    558 |    486 |     72 |      0 |      0 |   2 |  279.0 |
       Dungeon |    558 |    486 |     72 |      0 |      0 |   2 |  279.0 |
               +--------+--------+--------+--------+--------+-----+--------+

Top non-repeatable levels by time:
     D:1: 548 daAuts
     D:2: 10 daAuts
